 Dungeon Crawl Stone Soup version 0.29.1-15-g9cfb28693d (webtiles) character file.

Game seed: 13733752745226469529

263 javelincjr the Caller (level 6, -2/44 HPs)
             Began as a Gnoll Summoner on Apr 12, 2023.
             Killed by an exploding themself (28 damage)
             ... ignited by their inner flame
             ... on level 4 of the Dungeon.
             The game lasted 00:14:46 (4276 turns).

javelincjr the Caller (Gnoll Summoner)              Turns: 4276, Time: 00:14:46

Health: -2/44      AC:  4    Str:  9    XL:     6   Next: 19%
Magic:  0/14       EV: 13    Int: 14    God:
Gold:   253        SH:  0    Dex: 13    Spells: 6/15 levels left

rFire   x . .      SeeInvis +   f - +1 whip (freeze)
rCold   + . .      Faith    .   (no shield)
rNeg    . . .      Spirit   +   a - +0 robe
rPois   .          Reflect  .   t - +2 hat {SInv}
rElec   .          Harm     .   (no cloak)
rCorr   .          Rampage  .   (no gloves)
Will    .....                   (no boots)
Stlth   +++.......              p - amulet of guardian spirit
HPRegen 0.14/turn               o - ring of ice
MPRegen 0.14/turn               (no ring)

@: no status effects
A: fangs 1, strong nose, distributed training
a: no special abilities


You were on level 4 of the Dungeon.
You visited 1 branch of the dungeon, and saw 4 of its levels.

You collected 262 gold pieces.
You donated 9 gold pieces to Zin.

Inventory:

Hand Weapons
 f - a +1 whip of freezing (weapon)
 r - a +1 whip of electrocution
Armour
 a - a +0 robe (worn)
 t - a +2 hat of see invisible (worn)
Jewellery
 o - a ring of ice (left hand)
 p - an amulet of guardian spirit (around neck)
 u - an amulet of faith
Scrolls
 c - a scroll of immolation
Potions
 b - a potion of magic
 d - 2 potions of heal wounds
 g - 2 potions of degeneration
 l - a potion of haste
 m - a potion of flight
 q - a potion of cancellation {unknown}
 s - a potion of berserk rage {unknown}


   Skills:
 + Level 1.9 Fighting
 + Level 1.9 Short Blades
 + Level 1.9 Long Blades
 + Level 1.9 Axes
 + Level 1.9 Maces & Flails
 + Level 1.9 Polearms
 + Level 1.9 Staves
 + Level 1.9 Ranged Weapons
 + Level 1.9 Throwing
 + Level 1.9 Armour
 + Level 5.0 Dodging
 + Level 4.6 Stealth
 + Level 1.9 Shields
 + Level 1.9 Unarmed Combat
 + Level 5.3 Spellcasting
 + Level 1.5 Conjurations
 + Level 1.5 Hexes
 + Level 7.3 Summonings
 + Level 1.5 Necromancy
 + Level 1.5 Translocations
 + Level 1.5 Transmutations
 + Level 1.5 Fire Magic
 + Level 1.5 Ice Magic
 + Level 1.5 Air Magic
 + Level 1.5 Earth Magic
 + Level 1.5 Poison Magic
 + Level 2.1 Invocations
 + Level 1.9 Evocations


You had 6 spell levels left.
You knew the following spells:

 Your Spells              Type           Power      Damage    Failure   Level
a - Summon Small Mammal   Summ           96%        N/A       1%          1
b - Call Imp              Summ           24%        N/A       1%          2
c - Call Canine Familiar  Summ           24%        N/A       2%          3
d - Summon Guardian Gole  Hex/Summ       16%        N/A       9%          3

Your spell library contained the following spells:

 Spells                   Type           Power      Damage    Failure   Level
 Slow                     Hex            32%        N/A       9%          1
 Ensorcelled Hibernation  Hex/Ice        24%        N/A       14%         2
 Confusing Touch          Hex            8%         N/A       26%         3
 Spider Form              Tmut/Pois      8%         N/A       26%         3
 Vampiric Draining        Necr           8%         2d6       26%         3
 Summon Lightning Spire   Summ/Air       16%        N/A       26%         4
 Anguish                  Hex/Necr       4%         N/A       65%         4


Dungeon Overview and Level Annotations

Branches:
Dungeon (4/15)
 Temple: D:4-7

Altars:
Zin

Shops:
D:3 :


Innate Abilities, Weirdness & Mutations

You have very sharp teeth.
Your uncanny sense of smell can sniff out nearby items.
Your experience applies equally to all skills.


Message History

Your hound barely misses the orc.
Your hound bites the orc.
Something hits your white imp.
The orc hits your white imp but does no damage.
The orc hits your guardian golem with a +0 flail!
Your hound bites the orc.
The orc dies!
Your white imp barely misses the orc priest.
The orc hits your guardian golem with a +0 flail.
Your hound bites the orc priest.
Your hound bites the orc priest.
The orc hits your guardian golem with a +0 flail!
Your white imp hits the orc priest.
Your white imp freezes the orc priest.
The orc priest calls down the wrath of Beogh upon you.
Beogh smites you!
Your guardian golem overheats!
Your hound bites the orc priest.
Something hits your hound! Flame seeps out of your guardian golem.
The orc hits your guardian golem with a +0 flail.
Flame seeps out of your guardian golem.
Your guardian golem is engulfed in blazing flames.
Flame seeps out of your guardian golem.
Your hound bites the orc.
The orc hits your guardian golem with a +0 flail.
Flame seeps out of your guardian golem. Something hits your hound!
Flame seeps out of your guardian golem. Something hits your hound.
Your guardian golem disappears in a puff of smoke!
Your guardian golem explodes!
The fiery explosion engulfs the orc!
The orc dies!
The fiery explosion engulfs your white imp!!
Your white imp is burned terribly!
Your white imp dies!
Your white imp disappears in a puff of smoke!
The fiery explosion engulfs your quokka!!
Your quokka dies!
Your quokka's corpse disappears in a puff of smoke!
You feel a bit more experienced. The fiery explosion engulfs you!!
The fire burns you terribly!
Ouch! That really hurt!
You die...

### ##$_ #.8. #...
#.8h #§§ ####
##○##..####
#.§@......##########
#...................
#......##...########
#......####.## ##
######... #...## ##.
###..###...##..
#.#####....#
........###
##........#


You could see a friendly hound (summoned, sheltered).

Vanquished Creatures
  The ghost of collide the Chopper, a weakling MiBe of Trog (D:3)
  An adder (D:2)
  A worm (D:2)
  A dart slug (D:1)
  3 ball pythons
  6 bats
  2 endoplasms (D:1)
  2 giant cockroaches
  4 goblins
  5 hobgoblins
  A quokka (D:2)
  3 kobolds
  A rat (D:3)
31 creatures vanquished.

Vanquished Creatures (collateral kills)
  A hound (D:4)
  Natasha (D:2)
  A gnoll (D:3)
  3 adders (D:3)
  2 worms (D:2)
  A dart slug (D:4)
  An orc (D:4)
  8 ball pythons
  A bat (D:2)
  4 endoplasms
  2 giant cockroaches
  2 goblins
  7 hobgoblins
  2 jackals (D:4)
  2 quokkas
  4 frilled lizards
  5 kobolds
47 creatures vanquished.

Vanquished Creatures (others)
  An orc priest (D:4)
  2 gnolls (D:3)
  An orc (D:4)
4 creatures vanquished.

Grand Total: 82 creatures vanquished

Notes
Turn   | Place    | Note
-------+----------+-------------------------------------------
     0 | D:1      | javelincjr the Gnoll Summoner began the quest for the Orb.
     0 | D:1      | Reached XP level 1. HP: 13/13 MP: 6/6
   462 | D:1      | Reached XP level 2. HP: 19/19 MP: 4/7
   465 | D:1      | Learned a level 2 spell: Call Imp
  1146 | D:1      | Reached skill level 5 in Spellcasting
  1146 | D:1      | Reached XP level 3. HP: 25/25 MP: 7/9
  1580 | D:2      | Reached skill level 1 in Invocations
  1604 | D:2      | Reached skill level 1 in Fighting
  1604 | D:2      | Reached skill level 1 in Short Blades
  1604 | D:2      | Reached skill level 1 in Long Blades
  1604 | D:2      | Reached skill level 1 in Axes
  1604 | D:2      | Reached skill level 1 in Maces & Flails
  1604 | D:2      | Reached skill level 1 in Polearms
  1604 | D:2      | Reached skill level 1 in Staves
  1604 | D:2      | Reached skill level 1 in Ranged Weapons
  1604 | D:2      | Reached skill level 1 in Throwing
  1604 | D:2      | Reached skill level 1 in Armour
  1604 | D:2      | Reached skill level 1 in Shields
  1604 | D:2      | Reached skill level 1 in Unarmed Combat
  1604 | D:2      | Reached skill level 1 in Evocations
  1886 | D:2      | Reached XP level 4. HP: 32/32 MP: 8/11
  2016 | D:2      | Learned a level 3 spell: Call Canine Familiar
  2163 | D:2      | Found a glowing silver altar of Zin.
  2585 | D:2      | Noticed Natasha
  2592 | D:2      | Killed Natasha
  2593 | D:2      | Reached skill level 1 in Conjurations
  2593 | D:2      | Reached skill level 1 in Hexes
  2593 | D:2      | Reached skill level 1 in Necromancy
  2593 | D:2      | Reached skill level 1 in Translocations
  2593 | D:2      | Reached skill level 1 in Transmutations
  2593 | D:2      | Reached skill level 1 in Fire Magic
  2593 | D:2      | Reached skill level 1 in Ice Magic
  2593 | D:2      | Reached skill level 1 in Air Magic
  2593 | D:2      | Reached skill level 1 in Earth Magic
  2593 | D:2      | Reached skill level 1 in Poison Magic
  2763 | D:2      | Found a faded altar of an unknown god.
  2771 | D:2      | Prayed at the altar of an unknown god.
  2771 | D:2      | Became a worshipper of Zin the Law-Giver
  2771 | D:2      | Reached * piety under Zin
  2772 | D:2      | Fell from the grace of Zin
  2808 | D:3      | Learned a level 3 spell: Summon Guardian Golem
  2922 | D:3      | Found Kufusch's Vocational Training.
  3081 | D:3      | Reached XP level 5. HP: 37/37 MP: 2/12
  3205 | D:3      | Found a runed translucent door.
  3219 | D:3      | Noticed collide's ghost (weakling MiBe)
  3263 | D:3      | Killed collide's ghost
  4029 | D:4      | Reached XP level 6. HP: 41/44 MP: 2/13
  4167 | D:4      | Reached skill level 5 in Dodging
  4276 | D:4      | Killed by an exploding themself... ignited by their inner
                  | flame

Illustrated notes

Levels and vault maps discovered:
D:1:      heliophobic_arrival_glass_houses, layout_basic
D:2:      layout_basic, shapermc_ecumenical_altar_hornbeckon, basic_altar,
          minivault_4, minmay_misc_feat_room, uniq_natasha
D:3:      layout_basic, ebering_ghost_sewer_d, nicolae_shop_vocational
D:4:      layout_rooms, gammafunk_ghost_abyssal_escape, kennysheep_orc_chapel

Skill      XL: |  1  2  3  4  5  6 |
---------------+-------------------+-----
Spellcasting   | 5 |  5.3
Invocations    | 1 2 |  2.1
Fighting       | 1 |  1.9
Short Blades   | 1 |  1.9
Long Blades    | 1 |  1.9
Axes           | 1 |  1.9
Maces & Flails | 1 |  1.9
Polearms       | 1 |  1.9
Staves         | 1 |  1.9
Ranged Weapons | 1 |  1.9
Throwing       | 1 |  1.9
Armour         | 1 |  1.9
Shields        | 1 |  1.9
Unarmed Combat | 1 |  1.9
Evocations     | 1 |  1.9
Conjurations   | 1 |  1.5
Hexes          | 1 |  1.5
Necromancy     | 1 |  1.5
Translocations | 1 |  1.5
Transmutations | 1 |  1.5
Fire Magic     | 1 |  1.5
Ice Magic      | 1 |  1.5
Air Magic      | 1 |  1.5
Earth Magic    | 1 |  1.5
Poison Magic   | 1 |  1.5
Dodging        | 5 |  5.0
Stealth        | |  4.6
Summonings     | |  7.3

Action                   |  1- 3 |  4- 6 || total
-------------------------+-------+-------++-------
Melee: Unarmed           |    12 |       ||    12
       Bite              |     5 |     3 ||     8
       Whip              |    48 |    52 ||   100
       Punch             |       |     1 ||     1
 Cast: Summon Small Mamm |    37 |    33 ||    70
       Call Imp          |     2 |    12 ||    14
       Call Canine Famil |       |     9 ||     9
       Summon Guardian G |       |     5 ||     5
Invok: Renounce Religion |       |     1 ||     1
  Use: Scroll            |       |    10 ||    10
 Stab: Sleeping          |     5 |     1 ||     6
       Distracted        |     1 |       ||     1
Armor: Robe              |    11 |     3 ||    14
Dodge: Dodged            |    48 |    38 ||    86
